Description

Herpderp

Build Order

Get SALT Encoding   

  17  0:54  Hatchery  
  18  1:10  Extractor  
  17  1:13  Spawning Pool  
  19  1:40  Overlord  
  19  2:00  Queen x2, Zergling  
  26  2:09  Metabolic Boost  1 drone on gas
  30  2:35  Hatchery  Send out drone 2:20
  31  2:46  Overlord  
  35  3:10  Overlord, Queen  
  44  3:32  Baneling Nest  Put 3 back on gas
  48  3:50  Queen, Zergling x10  At 3rd hatch
  54  4:07  Extractor, Evolution Chamber  
  67  4:37  Lair  
  80  5:06  Extractor x3  
  83  5:25  Hatchery  4th
  90  5:38  Hydralisk Den  
Spawning Tool Build Advisor. Get it on Overwolf

Go to:

Details

  • Created by: martinmyrslok
  • Published on: Apr 18, 2017
  • Modified on: Apr 18, 2017
  • Patch: 3.8.0
Show
View Real Time Build Order
Export as new Build Order

Comments (0)

There are no comments. Be the first!

Create an account to comment!